 Dungeon Crawl Stone Soup version 0.31-a0-408-gb642c7f9a3 (webtiles) character file.

Game seed: 11552990064570792043

9734 CraigForest the Grappler (level 11, -2/77 HPs)
             Began as a Purple Draconian Shapeshifter on July 29, 2023.
             Was a High Priest of the Shining One.
             Killed from afar by an electric eel (7 damage)
             ... with a bolt of electricity
             ... on level 10 of the Dungeon.
             The game lasted 00:49:41 (9656 turns).

CraigForest the Grappler (DrSh)                     Turns: 9656, Time: 00:49:42

Health: -2/77      AC:  9    Str: 22    XL:     11   Next: 26%
Magic:  13/13      EV: 28    Int:  8    God:    the Shining One [*****.]
Gold:   547        SH:  0    Dex: 12    Spells: 10/10 levels left

rFire   . .          .
                       - Unarmed
rCold   x . .        (shield currently unavailable)
rNeg    + + .        (body armour unavailable)
rPois   .            (helmet restricted)
rElec   .            f - +1 cloak
rCorr   .            (gloves currently unavailable)
SInv    +            (no boots)
Will    +....        e - amulet of the acrobat
Stlth   +            w - ring of see invisible
HPRegen 0.32/turn    (no ring)
MPRegen 0.13/turn

%: acrobat
@: short of breath, blade hands, acrobatic, glowing, studying Shields
A: reduced hp, breathe power, AC +7, unfitting armour, cold-blooded, cold
vulnerability 1
a: Breathe Dispelling Energy, Begin Untransformation, Renounce Religion, Divine
Shield, Cleansing Flame, Summon Divine Warrior


You were on level 10 of the Dungeon.
You worshipped the Shining One.
The Shining One was extremely pleased with you.
You had blades for hands.
You visited 2 branches of the dungeon, and saw 11 of its levels.
You also visited: Bailey.

You collected 547 gold pieces.

Inventory:

Hand Weapons
 o - a +2 mace of protection
 B - a +0 hand axe
 I - the +7 triple crossbow "Teoghugh" {heavy, rElec Int+3 Dex-5 SInv}
   (You found it in a bailey)

   Int:       It affects your intelligence (+3).
   Dex:       It affects your dexterity (-5).
   rElec:     It insulates you from electricity.
   SInv:      It lets you see invisible.
Missiles
 d - 10 boomerangs
 J - 4 poisoned darts
Armour
 f - a +1 cloak (worn)
 m - a +0 buckler
 n - a +0 pair of boots
 v - a +0 pair of gloves
 E - an orb of light
Magical Staves
 i - a staff of fire
Jewellery
 e - an amulet of the acrobat (around neck)
 w - a ring of see invisible (left blade hand)
Talismans
 b - a beast talisman
 s - a blade talisman
Wands
 l - a wand of paralysis (6)
 q - a wand of mindburst (6)
 G - a wand of iceblast (6)
Scrolls
 c - 4 scrolls of amnesia
 g - a scroll of fear {unknown}
 h - 2 scrolls of poison
 r - 6 scrolls of blinking
 u - 3 scrolls of enchant armour
 x - a scroll of butterflies {unknown}
 y - 4 scrolls of teleportation
 C - a scroll of enchant weapon {unknown}
 D - 3 scrolls of fog {unknown}
 F - 2 scrolls of immolation {unknown}
 K - a scroll of torment {unknown}
Potions
 a - a potion of lignification
 j - 2 potions of might
 k - a potion of enlightenment
 t - a potion of cancellation
 z - a potion of magic {unknown}
 A - a potion of resistance
 H - a potion of brilliance {unknown}


   Skills:
 + Level 3.0 Fighting
 + Level 5.1 Dodging
 - Level 0.5 Stealth
 * Level 1.7 Shields
 * Level 13.6 Unarmed Combat
 * Level 3.4 Invocations
 * Level 8.4 Shapeshifting


You had 10 spell levels left.
You didn't know any spells.
Your spell library contained the following spells:

 Spells                   Type           Power      Damage    Failure   Level
 Ensorcelled Hibernation  Hex/Ice        0%         N/A       89%         2
 Lesser Beckoning         Tloc           0%         N/A       89%         2
 Passwall                 Tmut/Erth      0%         N/A       89%         2
 Gell's Gravitas          Tloc           0%         N/A       98%         3
 Inner Flame              Hex/Fire       0%         N/A       98%         3
 Swiftness                Air            0%         N/A       98%         3
 Teleport Other           Tloc           0%         N/A       98%         3
 Flame Wave               Conj/Fire      0%         2d4       100%        4
 Sticky Flame             Conj/Fire      0%         2d3       100%        4


Dungeon Overview and Level Annotations

Branches:
Dungeon (10/15)            Temple (1/1) D:7            Lair (0/5) D:10
    Orc (0/2) D:10         Bailey (visited)

Altars:
Ashenzari
Cheibriados
Dithmenos
Elyvilon
Fedhas
Gozag
Hepliaklqana
Kikubaaqudgha
Makhleb
Nemelex Xobeh
Okawaru
Qazlal
Ru
Sif Muna
Trog
Uskayaw
Vehumet
Wu Jian
Xom
Yredelemnul
Zin
The Shining One

Shops:
D:8 *


Innate Abilities, Weirdness & Mutations

You have blades for hands.
Your maximum health is decreased, since you lack skill for your form.
Your spellcasting is less reliable in this form.
You are incapable of wielding weapons or throwing items.
You can breathe bolts of dispelling energy.
Your rich purple scales are hard. (AC +7)
You cannot fit into any form of body armour.
You are cold-blooded and may be slowed by cold attacks.
You are vulnerable to cold. (rC-)


Message History

Your Fighting skill increases to level 3!
The orc misses you.
You see here a troll corpse.
You hit the orc. You slash the orc.
You kill the orc!
You hear a splash. x2
The electric eel shoots out a bolt of lightning at you!
The bolt of electricity hits you!
* * * LOW HITPOINT WARNING * * *
You enter the shallow water.
Moving in this stuff is going to be slow.
The electric eel shoots out a bolt of lightning at you!
The bolt of electricity hits you!
* * * LOW HITPOINT WARNING * * *
The electric eel shoots out a bolt of lightning at you!
The bolt of electricity hits you!
* * * LOW HITPOINT WARNING * * *
Things that are here:
a +0 falchion; an orc corpse You feel better.
You enter the shallow water.
Moving in this stuff is going to be slow.
The electric eel shoots out a bolt of lightning at you!
The bolt of electricity misses you. x2
The bolt of electricity hits the electric eel.
The electric eel completely resists.
You see here an electric eel corpse.
You can't wield anything in your present form.
Unknown command.
Your unstable footing causes you to fumble your attack.
The electric eel shoots out a bolt of lightning at you!
The bolt of electricity hits you!
* * * LOW HITPOINT WARNING * * *
The bolt of electricity hits you! The Shining One protects you from harm!
The bolt of electricity misses the electric eel.
You closely miss the electric eel.
The electric eel shoots out a bolt of lightning at you!
The bolt of electricity hits you!
You die...

....#.##...## .##........#
#..~≈≈≈~.~ ...#.#...###
#...~≈~~.~ ##..#..#..#
#...~~~.... .....>...##
#..~~~....~≈ .##..##### #
#..~≈~....≈≈≈ #.##.#.##
.####~~≈≈......~≈
#.#..##.##Z##....~~.~.>.~~≈
...#......[##.#.@S≈~....≈≈≈
.##......##.#...†~≈~.~.~.≈≈
.##.##.)#.###...))≈≈≈~≈≈~~~
.#....#..##.#.#...~≈)~≈≈~≈≈
..##..)#.#.Z).#.~~~†~.≈≈≈~~
..#..#.....####...)..≈~≈≈.~
.#.#.####### #..))..~.~..~
###### #........~.....
#..............


You could see an electric eel and an orc zombie.

Vanquished Creatures
  The ghost of pokeman the Thaumaturge, a novice DEHW of Vehumet (D:7)
  An orc knight (Bailey)
  A cyclops (D:9)
  Maurice (D:8)
  Psyche (D:8)
  A polar bear (D:8)
  A troll (D:10)
  Grinder (D:4)
  3 shadows
  Sigmund (D:2)
  A wyvern (D:10)
  2 wraiths
  3 steam dragons
  2 acid dragons (D:10)
  2 water moccasins
  9 orc warriors
  2 ice beasts (D:8)
  A sky beast (D:6)
  An ogre (D:5)
  8 wolves
  2 centaurs
  The ghost of garrulousMonolith the Changeling, an amateur OpSh (D:3)
  3 lemures (D:8)
  2 phantoms
  3 kobold brigands
  3 bullfrogs
  3 scorpions
  17 killer bees
  8 electric eels
  8 orc priests
  2 jellies
  6 hounds
  A gnoll bouda (D:8)
  Jessica (D:2)
  4 iguanas
  2 sleepcaps
  Ijyb (D:4)
  15 orc wizards
  5 ogre zombies (D:10)
  Robin (D:4)
  7 gnolls
  8 adders
  3 ufetubi
  5 worms
  43 orcs
  6 bats
  5 endoplasms
  6 giant cockroaches
  15 goblins
  13 hobgoblins
  5 jackals
  24 kobolds
  4 quokkas
  7 ball pythons
  2 frilled lizards (D:1)
  2 goblin skeletons (D:10)
  A goblin zombie (D:10)
  2 hobgoblin skeletons (D:10)
  A hobgoblin zombie (D:10)
  9 orc zombies (D:10)
  10 rats
309 creatures vanquished.

Vanquished Creatures (others)
  An orc zombie (D:10)
1 creature vanquished.

Grand Total: 310 creatures vanquished

Notes
Turn   | Place    | Note
-------+----------+-------------------------------------------
     0 | D:1      | CraigForest the Draconian Shapeshifter began the quest for
                  | the Orb.
     0 | D:1      | Reached XP level 1. HP: 16/16 MP: 1/1
   234 | D:1      | Reached XP level 2. HP: 19/23 MP: 2/2
   903 | D:2      | Reached XP level 3. HP: 22/28 MP: 3/3
  1187 | D:2      | Noticed Jessica
  1193 | D:2      | Killed Jessica
  1194 | D:2      | Reached skill level 4 in Unarmed Combat
  1194 | D:2      | Reached XP level 4. HP: 35/35 MP: 4/4
  1261 | D:2      | Noticed a floating eye
  1274 | D:2      | Found a faded altar of an unknown god.
  1275 | D:2      | Noticed an eye of devastation
  1277 | D:2      | Noticed a shining eye
  1277 | D:2      | Noticed a great orb of eyes
  1283 | D:2      | Prayed at the altar of an unknown god.
  1283 | D:2      | Became a worshipper of the Shining One
  1283 | D:2      | Reached * piety under the Shining One
  1388 | D:2      | Noticed Sigmund
  1397 | D:2      | Killed Sigmund
  1398 | D:2      | Reached skill level 5 in Unarmed Combat
  1398 | D:2      | Reached XP level 5. HP: 33/40 MP: 5/5
  1796 | D:3      | Reached XP level 6. HP: 47/47 MP: 6/6
  1834 | D:3      | Found a sacrificial altar of Ru.
  1945 | D:3      | Identified the +3 chain mail of Context {+Blink rN+}
  2157 | D:3      | Found a runed translucent gate.
  2158 | D:3      | Found a runed translucent gate.
  2158 | D:3      | Noticed garrulousMonolith's ghost (amateur OpSh)
  2159 | D:3      | Found a runed translucent gate.
  2186 | D:3      | Killed garrulousMonolith's ghost
  2633 | D:4      | Noticed Ijyb
  2649 | D:4      | Killed Ijyb
  2658 | D:4      | Reached skill level 6 in Unarmed Combat
  2676 | D:4      | Noticed Robin
  2687 | D:4      | Killed Robin
  2688 | D:4      | HP: 2/47 [goblin/+0 club[Robin] (3)]
  2703 | D:4      | Your scales start taking on a rich purple colour.
  2703 | D:4      | Reached XP level 7. HP: 33/52 MP: 7/7
  2941 | D:4      | Noticed Grinder
  2953 | D:4      | Paralysed by Grinder for 3 turns
  2964 | D:4      | Killed Grinder
  3149 | D:4      | Reached skill level 7 in Unarmed Combat
  3450 | D:4      | Found an iron altar of Okawaru.
  3606 | D:5      | Entered Level 5 of the Dungeon
  3606 | D:5      | Found a blossoming altar of Fedhas.
  3619 | D:5      | Reached skill level 5 in Shapeshifting
  3717 | D:5      | Reached ** piety under the Shining One
  3721 | D:5      | Reached XP level 8. HP: 37/61 MP: 8/8
  3911 | D:5      | Reached skill level 8 in Unarmed Combat
  4638 | D:6      | Reached skill level 9 in Unarmed Combat
  4961 | D:6      | Reached XP level 9. HP: 32/67 MP: 9/9
  5303 | D:7      | Reached skill level 10 in Unarmed Combat
  5481 | D:7      | Found a staircase to the Ecumenical Temple.
  5493 | Temple   | Entered the Ecumenical Temple
  5622 | D:7      | Found a hide-covered altar of Uskayaw.
  5749 | D:7      | Identified the +0 ring mail "Jacuban" {rElec}
  5804 | D:7      | Found a runed translucent door.
  5804 | D:7      | Noticed pokeman's ghost (novice DEHW)
  5815 | D:7      | Killed pokeman's ghost
  5816 | D:7      | Reached skill level 11 in Unarmed Combat
  5827 | D:7      | Gained mutation: You are somewhat resistant to further
                  | mutation. [potion of mutation]
  5828 | D:7      | Lost mutation: You are somewhat resistant to further
                  | mutation. [potion of mutation]
  5828 | D:7      | Gained mutation: You are occasionally teleported next to
                  | monsters. [potion of mutation]
  5829 | D:7      | Lost mutation: You are occasionally teleported next to
                  | monsters. [potion of mutation]
  5829 | D:7      | Gained mutation: You are vulnerable to cold. (rC-) [potion
                  | of mutation]
  6123 | D:8      | Noticed a polar bear
  6132 | D:8      | Killed a polar bear
  6141 | D:8      | Reached XP level 10. HP: 60/75 MP: 10/10
  6175 | D:8      | Noticed Maurice
  6189 | D:8      | Killed Maurice
  6528 | D:8      | Reached *** piety under the Shining One
  6533 | D:8      | Reached skill level 12 in Unarmed Combat
  6663 | D:8      | Noticed Psyche
  6672 | D:8      | Killed Psyche
  6750 | D:8      | Found Zin's Purification Station.
  6755 | D:8      | Found a glowing silver altar of Zin.
  6806 | D:8      | Reached skill level 1 in Invocations
  6905 | D:8      | Found a bloodstained altar of Trog.
  7255 | D:9      | Noticed a cyclops
  7264 | D:9      | Killed a cyclops
  7432 | D:9      | Found a flagged portal.
  7461 | Bailey   | Entered a bailey
  7850 | Bailey   | Reached skill level 13 in Unarmed Combat
  7872 | Bailey   | Identified the +7 triple crossbow "Teoghugh" {heavy, rElec
                  | Int+3 Dex-5 SInv}
  7874 | Bailey   | Noticed an orc knight
  7889 | Bailey   | Killed an orc knight
  8415 | D:9      | Reached XP level 11. HP: 46/81 MP: 12/12
  8503 | D:9      | Found a snail-covered altar of Cheibriados.
  8503 | D:9      | Found a shadowy altar of Dithmenos.
  8519 | D:9      | Reached skill level 5 in Dodging
  9059 | D:10     | Entered Level 10 of the Dungeon
  9364 | D:10     | Reached **** piety under the Shining One
  9374 | D:10     | Reached skill level 1 in Shields
  9395 | D:10     | Found a staircase to the Orcish Mines.
  9466 | D:10     | Reached ***** piety under the Shining One
  9622 | D:10     | Found a staircase to the Lair.
  9651 | D:10     | HP: 3/77 [electric eel/bolt of electricity (10)]
  9654 | D:10     | The Shining One protects you from harm!
  9656 | D:10     | Killed from afar by an electric eel

Illustrated notes

Levels and vault maps discovered:
D:1:      heliophobic_arrival_dark_side_of_the_moon, layout_loops_corners
D:2:      layout_rooms, hellmonk_ecumenical_altar_watching_god, uniq_sigmund,
          uniq_jessica
D:3:      layout_basic, nicolae_ru_awakened_eye, gammafunk_ghost_nasty_kobolds
D:4:      wander_river, layout_loops_cross, okawaru_metal_pillars_1_2,
          serial_bayou_pond_c, st_stairs_3, uniq_robin, uniq_grinder, uniq_ijyb
D:5:      layout_basic, fedhas_bush_and_centaur_altar, minivault_4
D:6:      layout_loops_ring
D:7:      layout_loops_ring, nicolae_uskayaw_murder_on_the_dancefloor,
          minmay_temple_entry_glassed_door, hellmonk_ghost_happy_afterlife,
          nrook_campfire, kennysheep_boxes
D:8:      layout_basic, zin_purify, mainiacjoe_overflow_24_doors, serial_ice,
          serial_ice_e, serial_ice_f, serial_ice_a, serial_ice_d, serial_ice_c,
          serial_ice_n, uniq_maurice, uniq_pikel, uniq_psyche
D:9:      layout_layer_cave, nicolae_overflow_two_pavilions, enter_bailey_5
D:10:     layout_roguey, erik_lair_island, zombieorc1_lemuel, st_stairs_13,
          onia_ninara_dug_in_and_dangerous
Temple:   nicolae_temple_bog_church

Skill      XL: |  1  2  3  4  5  6  7  8  9 10 11 |
---------------+----------------------------------+-----
Dodging        | 2 3 4 5 |  5.1
Unarmed Combat | 4 5 6 7 9 11 13 | 13.6
Shapeshifting  | 4 5 6 7 8 |  8.4
Fighting       | 2 3 |  3.0
Invocations    | 2 3 |  3.4
Shields        | 1 |  1.7
Stealth        | |  0.5

Action                     |  1- 3 |  4- 6 |  7- 9 | 10-12 || total
---------------------------+-------+-------+-------+-------++-------
  Melee: Unarmed           |    82 |   128 |   170 |   277 ||   657
         Tailslap          |    17 |    16 |    27 |    37 ||    97
         Punch             |     1 |     3 |    12 |    13 ||    29
Ability: Breathe Dispellin |       |       |     2 |     3 ||     5
    Use: Scroll            |     1 |     3 |    10 |     1 ||    15
         Potion            |       |     1 |     9 |     4 ||    14
 Armour: Skin              |    17 |    31 |    33 |    64 ||   145
  Dodge: Dodged            |    48 |    94 |   123 |   236 ||   501
   Form: Blade             |       |       |     1 |       ||     1

Table legend: (Time is in decaauts)
 A = Elapsed time spent in this place.
 B = Non-inter-level travel time spent in this place.
 C = Inter-level travel time spent in this place.
 D = Time resting spent in this place.
 E = Time spent auto-exploring this place.
 F = Levels seen in this place.
 G = Mean time per level.
                   A        B        C        D        E       F      G
               +--------+--------+--------+--------+--------+-----+--------+
         Total |   9611 |   8203 |   1408 |      0 |   6619 |  12 |  800.9 |
       Dungeon |   8903 |   7521 |   1382 |      0 |   6114 |  10 |  890.3 |
        Temple |     40 |     14 |     26 |      0 |      0 |   1 |   40.0 |
        Bailey |    667 |    667 |      0 |      0 |    505 |   1 |  667.0 |
               +--------+--------+--------+--------+--------+-----+--------+

Top non-repeatable levels by time:
     D:9: 1154 daAuts
     D:3: 1083 daAuts
     D:8: 1082 daAuts
     D:4: 995 daAuts
     D:7: 905 daAuts
     D:1: 895 daAuts
     D:5: 866 daAuts
     D:6: 711 daAuts
  Bailey: 667 daAuts
     D:2: 636 daAuts
    D:10: 572 daAuts
  Temple: 40 daAuts
